 Dungeon Crawl Stone Soup version 0.29.1-15-g9cfb28693d (webtiles) character file.

Game seed: 17286919923512147447

9 croobank the Sneak (level 2, -4/21 HPs)
             Began as an Octopode Delver on Feb 23, 2023.
             Slain by a wight
             ... wielding a +3 short sword
              (9 damage)
             ... on level 6 of the Dungeon.
             The game lasted 00:00:49 (47 turns).

croobank the Sneak (Octopode Delver)                  Turns: 47, Time: 00:00:50

Health: -4/21      AC:  1    Str: 11    XL:     2   Next: 12%
Magic:  2/2        EV: 13    Int: 12    God:
Gold:   0          SH:  0    Dex: 13    Spells: 1/1 levels left

rFire   . . .      SeeInvis .   a - +0 hand axe
rCold   . . .      Faith    .   (no shield)
rNeg    . . .      Spirit   .   (helmet restricted)
rPois   .          Reflect  .   (no amulet)
rElec   .          Harm     .   (no ring)
rCorr   .          Rampage  .   (no ring)
Will    .....                   (no ring)
Stlth   ++++......              (no ring)
HPRegen 0.07/turn               (no ring)
MPRegen 0.08/turn               (no ring)
                                (no ring)
                                (no ring)

@: hasted, very quick
A: almost no armour, amphibious, 8 rings, camouflage 1, gelatinous body 1,
(nimble swimmer 1), tentacles
a: no special abilities


You were on level 6 of the Dungeon.
You visited 1 branch of the dungeon, and saw 2 of its levels.

Inventory:

Hand Weapons
 a - a +0 hand axe (weapon)
Wands
 f - a wand of digging (3)
Scrolls
 b - a scroll of fog
 c - a scroll of noise {unknown}


   Skills:
 + Level 3.1 Fighting
 + Level 2.2 Axes
 + Level 2.2 Dodging
 + Level 6.7 Stealth


You had one spell level left.
You didn't know any spells.
Your spell library was empty.

Dungeon Overview and Level Annotations

Branches:
Dungeon (6/15)
 Temple: D:4-7

Altars:

Portals:
Ossuary: D:5


Innate Abilities, Weirdness & Mutations

You cannot wear most types of armour.
You are amphibious.
You can wear up to eight rings at the same time.
Your skin changes colour to match your surroundings (Stealth+).
Your rubbery body absorbs attacks. (AC +1, EV +1)
((You are camouflaged when in or above water. (Stealth+)))
You have tentacles for arms and can constrict up to eight enemies at once.


Message History

The helpless adder fails to defend itself.
You slash the adder! You grab the adder. You squeeze the adder.
The adder is almost dead.
You constrict the adder.
You kill the adder!
You have reached level 2!
What are your orders? t - Shout!
Orders for allies: a - Attack new target. r - Retreat! s - Stop attacking. g - Guard the area. f - Follow me.
Anything else - Cancel.
Gang up on whom?
Press: ? - help, Dir - move target You can't see that place.
Okay, then.
Okay, then.
You feel yourself speed up.
You hit the wight but do no damage. You grab the wight.
You constrict the wight, but do no damage.
The wight hits you with a +3 short sword!
You hit the wight but do no damage.
You constrict the wight, but do no damage.
You hit the wight but do no damage.
You constrict the wight, but do no damage.
The wight hits you with a +3 short sword!
You hit the wight.
The wight is moderately damaged.
You constrict the wight, but do no damage.
The wight hits you with a +3 short sword.
* * * LOW HITPOINT WARNING * * *
You hit the wight.
The wight is severely damaged.
You constrict the wight, but do no damage.
The wight barely misses you.
You hit the wight but do no damage.
The wight is severely damaged.
You constrict the wight.
The wight hits you with a +3 short sword!
You die...

##. .. #...#
.. +...# .
...+ #. #..#
#.###..######
#.z....#...<#
#..@...#....#
#......'....#
+......#....#
#......#....#
#########...#
#...# ....#
....# ....#


You could see a wight.

Vanquished Creatures
  An adder (D:6)
1 creature vanquished.

Notes
Turn   | Place    | Note
-------+----------+-------------------------------------------
     0 | D:5      | croobank the Octopode Delver began the quest for the Orb.
     0 | D:5      | Reached XP level 1. HP: 16/16 MP: 1/1
    16 | D:5      | Noticed a scorpion
    27 | D:5      | Found a sand-covered staircase.
    38 | D:6      | Noticed a wight
    40 | D:6      | Reached XP level 2. HP: 21/21 MP: 2/2
    47 | D:6      | Slain by a wight

Illustrated notes

Levels and vault maps discovered:
D:5:      layout_cave_pools, enter_ossuary_3, uniq_ijyb
D:6:      layout_gridville, marbit_many_paths, uniq_grinder, uniq_blork_the_orc

Action                   || total
-------------------------++-------
Melee: Hand axe          ||     7
       Constrict         ||     2
       Tentacles         ||     1
  Use: Scroll            ||     2
       Potion            ||     1
 Stab: Sleeping          ||     1
Dodge: Dodged            ||     1
